[Event "ICC tourney 2056 (3 2)"]
[Site "Internet Chess Club"]
[Date "2020.10.12"]
[Round "5"]
[White "pescadilla"]
[Black "Laxman90"]
[Result "1-0"]
[ICCResult "Black resigns"]
[WhiteElo "1720"]
[BlackElo "1500"]
[Opening "QGD Slav defense"]
[ECO "D10"]
[NIC "SL.01"]
[Time "19:58:18"]
[TimeControl "180+2"]

1. d4 d5 2. c4 c6 3. Nc3 Nf6 4. cxd5 cxd5 5. Bf4 a6 6. e3 g6 7. Be2 Bg7 8.
h4 h5 9. Nf3 Nc6 10. Qc2 Bf5 11. Qa4 O-O 12. Ne5 Nxe5 13. Bxe5 Bd7 14. Qb3
Bc6 15. Bf3 e6 16. Rc1 Rc8 17. O-O Ng4 18. Bxg7 Kxg7 19. Bxg4 hxg4 20. g3 f5
21. Ne2 g5 22. hxg5 Qxg5 23. Nf4 Kf6 24. Kg2 Rh8 25. Rh1 Qg7 26. Qb4 Qd7 27.
Nd3 Qe7 28. Qb6 Qc7 29. Qxc7 Rxc7 30. Rxh8 {Black resigns} 1-0

[Event "ICC tourney 2056 (3 2)"]
[Site "Internet Chess Club"]
[Date "2020.10.12"]
[Round "5"]
[White "liuchess"]
[Black "Alec-hine"]
[Result "1/2-1/2"]
[ICCResult "Game drawn by repetition"]
[WhiteElo "1556"]
[BlackElo "1683"]
[Opening "French: exchange variation"]
[ECO "C01"]
[NIC "FR.01"]
[Time "19:58:15"]
[TimeControl "180+2"]

1. e4 e6 2. d4 d5 3. exd5 exd5 4. Nf3 Nf6 5. Bd3 Bd6 6. O-O O-O 7. Bg5 c6 8.
c3 Bg4 9. Nbd2 Nbd7 10. Qc2 Qc7 11. Rfe1 Rfe8 12. h3 Bh5 13. a4 Bg6 14. Nf1
Ne4 15. Bd2 Ndf6 16. Ne3 h6 17. c4 Nxd2 18. Qxd2 Bxd3 19. Qxd3 dxc4 20. Nxc4
Bb4 21. Rxe8+ Rxe8 22. Nce5 Bd6 23. Rc1 Nd5 24. Qf5 Qe7 25. Re1 Qf6 26. Qd7
Qe7 27. Qf5 Qf6 28. Qd7 Qe7 29. Qf5 Qf6 {Game drawn by repetition} 1/2-1/2

[Event "ICC tourney 2056 (3 2)"]
[Site "Internet Chess Club"]
[Date "2020.10.12"]
[Round "5"]
[White "drabmolc"]
[Black "KingPidgenYT"]
[Result "0-1"]
[ICCResult "White resigns"]
[WhiteElo "1431"]
[BlackElo "1415"]
[Opening "Queen's pawn game"]
[ECO "D00"]
[NIC "QP.08"]
[Time "19:59:01"]
[TimeControl "180+2"]

1. d4 d5 2. e3 Nf6 3. f4 e6 4. Nf3 Bb4+ 5. c3 Be7 6. Bd3 O-O 7. Nbd2 Nbd7 8.
O-O b6 9. Qe2 Bb7 10. Ne5 h6 11. e4 Re8 12. exd5 exd5 13. Ndf3 Bf8 14. h3 c5
15. Qc2 Rc8 16. Nxd7 Nxd7 17. Ne5 Nf6 18. g4 cxd4 19. Bd2 dxc3 20. Bxc3 Bc5+
21. Kh2 Bd6 22. g5 hxg5 23. fxg5 Bxe5+ 24. Bxe5 Rxc2+ {White resigns} 0-1

[Event "ICC tourney 2056 (3 2)"]
[Site "Internet Chess Club"]
[Date "2020.10.12"]
[Round "5"]
[White "chief2006"]
[Black "StevChess01"]
[Result "0-1"]
[ICCResult "White resigns"]
[WhiteElo "1283"]
[BlackElo "1375"]
[Opening "Sicilian: O'Kelly variation"]
[ECO "B28"]
[NIC "SI.43"]
[Time "19:58:09"]
[TimeControl "180+2"]

1. e4 c5 2. Nf3 a6 3. d4 cxd4 4. Nxd4 Nf6 5. Nc3 e5 6. Nb3 Bb4 7. Bd2 d6 8.
f3 Be6 9. a3 Bxc3 10. Bxc3 Nc6 11. Be2 O-O 12. O-O Qc7 13. Nd2 d5 14. exd5
Nxd5 15. Ne4 Ne3 16. Qe1 Nxf1 17. Qxf1 Rad8 18. Rd1 Nd4 19. Bd3 Rfe8 20. Ng5
Bf5 21. Bc4 Be6 22. Nxe6 Nxe6 23. Re1 Nd4 24. Qf2 Qxc4 25. Bxd4 Qxd4 26. Re3
Qb6 27. c3 Rd1+ {White resigns} 0-1

[Event "ICC tourney 2056 (3 2)"]
[Site "Internet Chess Club"]
[Date "2020.10.12"]
[Round "5"]
[White "saisiva765"]
[Black "yogokings12"]
[Result "1/2-1/2"]
[ICCResult "Game drawn because neither player has mating material"]
[WhiteElo "1687"]
[BlackElo "1563"]
[Opening "Queen's pawn: London system"]
[ECO "A45"]
[NIC "QP.07"]
[Time "19:58:13"]
[TimeControl "180+2"]

1. d4 Nf6 2. Bf4 g6 3. Nc3 d5 4. Qd2 Bg7 5. f3 c6 6. O-O-O Nbd7 7. Bh6 O-O
8. e4 e5 9. Bxg7 Kxg7 10. dxe5 Nxe5 11. exd5 Nxd5 12. Nxd5 cxd5 13. Qxd5
Qxd5 14. Rxd5 Nc6 15. Rd1 Be6 16. Ne2 Rac8 17. Nc3 a6 18. Bd3 b5 19. a3 b4
20. axb4 Nxb4 21. Rhe1 a5 22. Bb5 Rc5 23. Ba4 Rfc8 24. Bd7 Bxd7 25. Rxd7 a4
26. Ree7 Rf8 27. Kd2 Nc6 28. Re3 Ne5 29. Ra7 Nc4+ 30. Ke2 Nxe3 31. Kxe3 Rb8
32. Kd4 Rg5 33. g4 Rxb2 34. h4 Rxg4+ 35. fxg4 Rxc2 36. Rxa4 Rh2 37. Ke5 Rxh4
38. Rf4 f5 39. gxf5 Rxf4 40. Kxf4 gxf5 41. Kxf5 Kf7 42. Kg5 Ke6 43. Kh6 Ke5
44. Kxh7 {Game drawn because neither player has mating material} 1/2-1/2

[Event "ICC tourney 2056 (3 2)"]
[Site "Internet Chess Club"]
[Date "2020.10.12"]
[Round "5"]
[White "Atomic-Player"]
[Black "gbassman77"]
[Result "1-0"]
[ICCResult "Black resigns"]
[WhiteElo "1539"]
[BlackElo "1376"]
[Opening "Giuoco Piano: LaBourdonnais variation"]
[ECO "C53"]
[NIC "IG.02"]
[Time "19:58:10"]
[TimeControl "180+2"]

1. e4 e5 2. Nf3 Nc6 3. Bc4 Bc5 4. c3 d6 5. d4 exd4 6. cxd4 Bb6 7. O-O Nf6 8.
Nc3 O-O 9. Bg5 h6 10. Bh4 Bg4 11. h3 Bh5 12. d5 Ne5 13. Be2 Bg6 14. Nxe5
dxe5 15. Bf3 Qd6 16. Qe2 a6 17. Rac1 Rac8 18. Rfd1 Nd7 19. a3 Kh8 20. b4 f5
21. Na4 fxe4 22. Bxe4 Rxf2 23. Bxf2 Bxf2+ 24. Kxf2 Rf8+ 25. Kg1 Bf7 26. Nc5
b6 27. Nxd7 Qxd7 28. Qxa6 Bh5 29. Rd2 Rf4 30. Qd3 Qe7 31. d6 cxd6 32. Rc8+
Be8 33. Qxd6 Rf7 34. Qxe7 Rxe7 35. Rdd8 {Black resigns} 1-0

[Event "ICC tourney 2056 (3 2)"]
[Site "Internet Chess Club"]
[Date "2020.10.12"]
[Round "5"]
[White "PearsonH"]
[Black "kushagra12"]
[Result "1-0"]
[ICCResult "Black checkmated"]
[WhiteElo "1469"]
[BlackElo "1364"]
[Opening "Queen's pawn: London system"]
[ECO "A45"]
[NIC "QP.07"]
[Time "19:58:11"]
[TimeControl "180+2"]

1. d4 Nf6 2. Bf4 e6 3. e3 d5 4. c3 Nc6 5. Nd2 Be7 6. Bd3 O-O 7. h3 Bd7 8.
Ngf3 h6 9. Ne5 a6 10. O-O Re8 11. Bh2 Bd6 12. f4 Ne7 13. e4 dxe4 14. Nxe4
Nxe4 15. Bxe4 Bxe5 16. fxe5 Bc6 17. Bxc6 Nxc6 18. Qf3 Rb8 19. Qxf7+ Kh8 20.
Qg6 Re7 21. Bg3 Nxd4 22. cxd4 Qxd4+ 23. Kh1 Qxb2 24. Qd3 Qb6 25. Bf2 Qc6 26.
Rfc1 Qe8 27. Rd1 Qf7 28. Qe2 Rf8 29. Bc5 Ree8 30. Bxf8 Rxf8 31. Rf1 Qe7 32.
Rxf8+ Qxf8 33. Rf1 Qa3 34. Qc2 c6 35. Qg6 Qe7 36. Rf7 Qg5 37. Rf8#
{Black checkmated}
1-0

[Event "ICC tourney 2056 (3 2)"]
[Site "Internet Chess Club"]
[Date "2020.10.12"]
[Round "5"]
[White "elevinchess"]
[Black "pawnsacrifice5"]
[Result "0-1"]
[ICCResult "White resigns"]
[WhiteElo "1616"]
[BlackElo "1989"]
[Opening "Caro-Kann: exchange variation"]
[ECO "B13"]
[NIC "CK.02"]
[Time "19:58:36"]
[TimeControl "180+2"]

1. e4 c6 2. d4 d5 3. exd5 cxd5 4. Bd3 Nc6 5. c3 Qc7 6. Ne2 e5 7. dxe5 Nxe5
8. Bf4 Nf6 9. O-O Bd6 10. Na3 a6 11. Nc2 O-O 12. Bg3 Bg4 13. Qd2 Rfe8 14.
Rfe1 Rad8 15. Ne3 Bxe2 16. Bxe2 Bc5 17. Nc2 Ne4 18. Qd1 Nxg3 19. hxg3 Qb6
20. Nd4 Nc6 21. Bf3 Rxe1+ 22. Qxe1 Nxd4 23. cxd4 Bxd4 24. Bxd5 Qxb2 25. Rb1
Bxf2+ 26. Qxf2 Qxb1+ 27. Kh2 Rxd5 28. g4 Qe4 29. Qg3 Qe5 {White resigns} 0-1

[Event "ICC tourney 2056 (3 2)"]
[Site "Internet Chess Club"]
[Date "2020.10.12"]
[Round "5"]
[White "ChessMonkey123"]
[Black "blackjack721"]
[Result "0-1"]
[ICCResult "White forfeits on time"]
[WhiteElo "1332"]
[BlackElo "1315"]
[Opening "Petrov: French attack"]
[ECO "C42"]
[NIC "RG.03"]
[Time "19:58:08"]
[TimeControl "180+2"]

1. e4 e5 2. Nf3 Nf6 3. Nxe5 d6 4. Nf3 Nxe4 5. d3 Nf6 6. Nc3 Be6 7. Be2 c6 8.
Be3 d5 9. d4 Bb4 10. O-O Qc7 11. h3 h5 12. Na4 Qd7 13. c3 Bd6 14. Qb3 Bxh3
15. gxh3 Qxh3 16. Qxb7 O-O 17. Qxa8 Ng4 18. Qb7 Bh2+ 19. Kh1 Bf4+ 20. Kg1
Nxe3 21. fxe3 Bxe3+ 22. Rf2 Qg3+ 23. Kh1 Bxf2 24. Rf1 Qh3+ 25. Nh2 Nd7 26.
Qxc6 Bg3 27. Rf2 Bxf2 28. Qxd5 Nf6 29. Qg2 Qh4 30. Nc5 Bg3 31. Kg1 Re8 32.
Bf1 Re1 {White forfeits on time} 0-1

[Event "ICC tourney 2056 (3 2)"]
[Site "Internet Chess Club"]
[Date "2020.10.12"]
[Round "5"]
[White "stephenwilly"]
[Black "saikanth"]
[Result "1-0"]
[ICCResult "Black forfeits on time"]
[WhiteElo "1489"]
[BlackElo "1417"]
[Opening "Caro-Kann: anti-Caro-Kann defense"]
[ECO "B10"]
[NIC "CK.01"]
[Time "19:58:25"]
[TimeControl "180+2"]

1. e4 c6 2. c4 d6 3. d4 Qc7 4. Nc3 Nf6 5. Bf4 e5 6. dxe5 dxe5 7. Bg3 Be6 8.
Nf3 Nbd7 9. a3 Nh5 10. Ng5 Nxg3 11. Nxe6 fxe6 12. hxg3 O-O-O 13. Qb3 Nf6 14.
Be2 Bc5 15. Qa4 Bd4 16. O-O Kb8 17. Rfc1 Qb6 18. Nd1 Nxe4 19. Kf1 Bxf2 20.
c5 Nxc5 21. Qb4 Qxb4 22. axb4 Nb3 23. Nxf2 {Black forfeits on time} 1-0

[Event "ICC tourney 2056 (3 2)"]
[Site "Internet Chess Club"]
[Date "2020.10.12"]
[Round "5"]
[White "oxdidi"]
[Black "Kinawa"]
[Result "0-1"]
[ICCResult "White checkmated"]
[WhiteElo "1143"]
[BlackElo "1478"]
[Opening "Caro-Kann: advance variation"]
[ECO "B12"]
[NIC "CK.04"]
[Time "19:58:18"]
[TimeControl "180+2"]

1. e4 c6 2. d4 d5 3. e5 Bf5 4. Nf3 e6 5. Bg5 Be7 6. Bf4 c5 7. c3 Nc6 8. Bb5
f6 9. O-O a6 10. Bxc6+ bxc6 11. Nbd2 Rc8 12. Qe2 fxe5 13. Bxe5 Nf6 14. Qxa6
O-O 15. Rfe1 c4 16. Qa4 Ne4 17. Nxe4 Bxe4 18. Nd2 Bd3 19. Nf3 Be4 20. Nd2
Bg6 21. Rad1 Bh4 22. g3 Be7 23. Rc1 Bg5 24. Qd1 Bf6 25. Bxf6 Qxf6 26. Rf1
Bd3 27. Qe1 Bxf1 28. Qxf1 Ra8 29. a3 Rab8 30. Rb1 Rb7 31. b3 cxb3 32. Nxb3
Rbf7 33. Rb2 Qf3 34. Nc5 Qxc3 35. Ra2 e5 36. Ne6 Re8 37. Nc5 exd4 38. Ne6
Rxe6 39. Qa6 Re1+ 40. Kg2 Qf3+ 41. Kh3 Re5 42. Qc8+ Rf8 43. Qxc6 Rh5#
{White checkmated}
0-1

[Event "ICC tourney 2056 (3 2)"]
[Site "Internet Chess Club"]
[Date "2020.10.12"]
[Round "5"]
[White "Jett503"]
[Black "cjcardoso"]
[Result "0-1"]
[ICCResult "White forfeits on time"]
[WhiteElo "1253"]
[BlackElo "1439"]
[Opening "Caro-Kann: advance variation"]
[ECO "B12"]
[NIC "CK.04"]
[Time "19:58:12"]
[TimeControl "180+2"]

1. e4 c6 2. d4 d5 3. e5 Bf5 4. Nf3 e6 5. Be2 Nd7 6. O-O h6 7. Nc3 g5 8. g3
Qc7 9. a3 c5 10. b4 cxd4 11. Qxd4 Bg7 12. Bb5 Ne7 13. Bxd7+ Qxd7 14. Ra2 Nc6
15. Qe3 Bg4 16. Nb5 Bxf3 17. Nd6+ Ke7 18. Qxf3 Nxe5 19. Nf5+ exf5 20. Re1
Rhe8 21. Bb2 Kf8 22. Qh5 Nf3+ 23. Kg2 Nxe1+ 24. Kf1 Bxb2 25. Rxb2 Kg7 26. h4
Qe7 27. g4 fxg4 28. Qxg4 Kh7 29. Qf5+ Kg7 30. h5 Qe2+ 31. Kg1 Nf3+
{White forfeits on time}
0-1

[Event "ICC tourney 2056 (3 2)"]
[Site "Internet Chess Club"]
[Date "2020.10.12"]
[Round "5"]
[White "lucachesschess"]
[Black "Knightboy123"]
[Result "1-0"]
[ICCResult "Black checkmated"]
[WhiteElo "1490"]
[BlackElo "1336"]
[Opening "Sicilian"]
[ECO "B50"]
[NIC "SI.01"]
[Time "19:58:07"]
[TimeControl "180+2"]

1. e4 c5 2. Nf3 d6 3. d3 Nc6 4. g3 Nf6 5. Bg2 Bg4 6. h3 Bd7 7. O-O e5 8. Nc3
Nd4 9. Bg5 Be7 10. Bxf6 Bxf6 11. Nd5 Nxf3+ 12. Qxf3 Be7 13. Qe3 Be6 14. c4
Bxd5 15. exd5 O-O 16. Rfe1 Re8 17. a3 Bg5 18. Qe4 Bd2 19. Re2 Bg5 20. h4 Bf6
21. h5 Qd7 22. Kh2 Rad8 23. Rh1 a6 24. Bh3 Qe7 25. Qf5 g6 26. Qe4 Bg7 27.
hxg6 fxg6 28. Be6+ Kf8 29. Kg1 Qf6 30. Rxh7 Rxe6 31. dxe6 Qxe6 32. Rh4 Rd7
33. Rg4 Kf7 34. Re3 Ke7 35. Rxg6 Qf7 36. Rf3 Qg8 37. Qh4+ Ke8 38. Qh5 Kd8
39. Qg5+ Kc7 40. Rf5 b6 41. Qg4 Rf7 42. Rxf7+ Qxf7 43. Rxg7 Qxg7 44. Qxg7+
Kc6 45. b4 b5 46. cxb5+ axb5 47. Qa7 cxb4 48. axb4 e4 49. dxe4 d5 50. exd5+
Kd6 51. Qc5+ Kd7 52. d6 Kd8 53. Qc7+ Ke8 54. Qe7# {Black checkmated} 1-0

[Event "ICC tourney 2056 (3 2)"]
[Site "Internet Chess Club"]
[Date "2020.10.12"]
[Round "5"]
[White "MagnumPI"]
[Black "BillietheKid"]
[Result "0-1"]
[ICCResult "White forfeits on time"]
[WhiteElo "1229"]
[BlackElo "1379"]
[Opening "King's Indian: Larsen variation"]
[ECO "E90"]
[NIC "KI.21"]
[Time "19:58:10"]
[TimeControl "180+2"]

1. d4 Nf6 2. c4 g6 3. Nf3 Bg7 4. Nc3 O-O 5. e4 d6 6. Be3 Nc6 7. Qd2 Re8 8.
d5 Nb8 9. Bd3 Nbd7 10. Bh6 Bh8 11. O-O Nc5 12. Rfe1 Bg4 13. Qe3 Bh5 14. Rad1
Ng4 15. Qf4 Nxd3 16. Rxd3 e5 17. Qg3 Nxh6 18. Ng5 Bf6 19. Nf3 Bg7 20. Nb5 f5
21. exf5 Nxf5 22. Qg5 Bf6 23. Qc1 a6 24. Nc3 Bxf3 25. Rxf3 Bg7 26. Ne4 Nd4
27. Rh3 Nf5 28. Ng5 h6 29. Ne6 Rxe6 30. dxe6 Qe7 31. g4 Nd4 32. c5 Qxe6 33.
cxd6 cxd6 34. Qe3 Qxg4+ 35. Rg3 Qe6 36. Qxd4 exd4 37. Rxe6 Rd8 38. Rf3 Be5
39. Rxg6+ Kh7 40. Rg4 Rc8 {White forfeits on time} 0-1

[Event "ICC tourney 2056 (3 2)"]
[Site "Internet Chess Club"]
[Date "2020.10.12"]
[Round "5"]
[White "steinutz"]
[Black "BreatheChessAls"]
[Result "0-1"]
[ICCResult "White checkmated"]
[WhiteElo "1513"]
[BlackElo "1617"]
[Opening "Levitsky attack (Queen's bishop attack)"]
[ECO "D00"]
[NIC "QP.08"]
[Time "19:58:23"]
[TimeControl "180+2"]

1. d4 d5 2. Bg5 Nf6 3. e3 e6 4. Bd3 Be7 5. Nd2 O-O 6. f4 c6 7. Ngf3 Nbd7 8.
O-O b6 9. c3 Bb7 10. Ne5 c5 11. Qe2 h6 12. Bxf6 Nxf6 13. Qf3 Nd7 14. Rae1
Nxe5 15. fxe5 f5 16. exf6 Bxf6 17. Qg4 Qd6 18. Qg6 Rf7 19. Qh7+ Kf8 20. Bg6
Rc7 21. Rf3 Ke7 22. Ref1 Kd8 23. Qg8+ Kd7 24. Qh7 Kd8 25. Qg8+ Kd7 26. Qh7
Kd8 27. Bh5 Re7 28. Rg3 Kc7 29. Nf3 Rd8 30. Ne5 Bxe5 31. dxe5 Qxe5 32. Bf3
Qxe3+ 33. Kh1 Ba6 34. Rg1 Rdd7 35. a4 Qe5 36. a5 bxa5 37. Qc2 Qd6 38. Qa4
Qb6 39. b3 Bb5 40. Qa3 c4 41. b4 a4 42. Qc1 d4 43. Qf4+ Qd6 44. cxd4 Qxf4
45. Rc1 Qxd4 46. Ba8 Qd1+ 47. Rxd1 Rxd1# {White checkmated} 0-1

[Event "ICC tourney 2056 (3 2)"]
[Site "Internet Chess Club"]
[Date "2020.10.12"]
[Round "5"]
[White "wildrumpus"]
[Black "Rook99"]
[Result "0-1"]
[ICCResult "White resigns"]
[WhiteElo "1329"]
[BlackElo "1331"]
[Opening "Queen's pawn game"]
[ECO "A45"]
[NIC "QP.07"]
[Time "19:58:13"]
[TimeControl "180+2"]

1. d4 Nf6 2. e3 c5 3. c3 cxd4 4. exd4 d5 5. Bd3 e6 6. f4 Bd6 7. Nf3 Nc6 8.
O-O Bd7 9. Ne5 O-O 10. Nd2 Bxe5 11. fxe5 Ne8 12. Qh5 g6 13. Qh6 Ng7 14. Nf3
f6 15. exf6 Rxf6 16. Bg5 Nf5 17. Bxf5 exf5 18. Bxf6 Qxf6 19. Ng5 Qg7 20. Qh3
h6 21. Nf3 f4 22. Qh4 g5 23. Qf2 Ne7 24. Ne5 Bf5 25. Rae1 Be4 26. b3 Ng6 27.
c4 Nxe5 28. dxe5 Qxe5 29. cxd5 Qxd5 30. Qe2 Bd3 31. Qe6+ Qxe6 32. Rxe6 Bxf1
33. Kxf1 Kg7 34. Re7+ Kg6 35. Rxb7 a5 36. Rb6+ Kh5 37. Kf2 Rc8 38. a4 Rc2+
39. Kf3 Rc3+ 40. Ke4 Re3+ 41. Kf5 Re2 42. h3 Rxg2 43. Rb5 Rg3 44. Rxa5 Re3
45. Kf6 f3 46. Rf5 Rxb3 47. a5 Ra3 48. Kg7 Kh4 49. Kxh6 Kxh3 50. Rxg5 f2 51.
Rf5 Ra2 52. a6 Kg2 53. a7 f1=Q 54. Rxf1 Kxf1 55. a8=N Rxa8 {White resigns}
0-1

[Event "ICC tourney 2056 (3 2)"]
[Site "Internet Chess Club"]
[Date "2020.10.12"]
[Round "5"]
[White "NSXchessplayer"]
[Black "pika0008"]
[Result "0-1"]
[ICCResult "White checkmated"]
[WhiteElo "1394"]
[BlackElo "1372"]
[Opening "Sicilian defense"]
[ECO "B30"]
[NIC "SI.31"]
[Time "19:58:39"]
[TimeControl "180+2"]

1. e4 c5 2. Nf3 Nc6 3. d3 g6 4. g3 Bg7 5. c3 e5 6. Bg2 Nge7 7. O-O O-O 8.
Be3 b6 9. Nbd2 Bb7 10. Ne1 f5 11. f4 d5 12. Qc2 d4 13. Bf2 fxe4 14. fxe5 e3
15. Nc4 exf2+ 16. Rxf2 Rxf2 17. Qxf2 Qf8 18. Qe2 Ba6 19. Nf3 Bxc4 20. dxc4
Re8 21. Rd1 dxc3 22. bxc3 Nd8 23. Bh3 Nf5 24. Qd2 Nf7 25. Bxf5 gxf5 26. Qf4
Nxe5 27. Nxe5 Bxe5 28. Qg5+ Bg7 29. Rd7 Kh8 30. Rd3 Qf6 31. Qd2 Qe5 32. Kf2
Rf8 33. Re3 Qf6 34. Rd3 f4 35. g4 Qh4+ 36. Kf3 Qh3+ 37. Ke4 Qh6 38. h3 Qe6+
39. Kf3 Qc6+ 40. Kf2 f3 41. Qe3 Qc7 42. Qd2 Qh2+ 43. Ke3 Qxd2+ 44. Kxd2 f2
45. Rf3 Rxf3 46. Ke2 f1=Q+ 47. Kd2 Rd3+ 48. Kc2 Qd1+ 49. Kb2 Rd2+ 50. Ka3
Qb1 51. h4 Rxa2# {White checkmated} 0-1

[Event "ICC tourney 2056 (3 2)"]
[Site "Internet Chess Club"]
[Date "2020.10.12"]
[Round "5"]
[White "clydedrexler22"]
[Black "chessrex"]
[Result "0-1"]
[ICCResult "White checkmated"]
[WhiteElo "1548"]
[BlackElo "1892"]
[Opening "Queen's pawn: Charlick (Englund) gambit"]
[ECO "A40"]
[NIC "QO.17"]
[Time "19:58:11"]
[TimeControl "180+2"]

1. d4 e5 2. dxe5 Nc6 3. Nf3 Nge7 4. Bf4 Ng6 5. e3 d6 6. exd6 Nxf4 7. exf4
Bxd6 8. g3 Qf6 9. Nbd2 O-O 10. Be2 Bh3 11. Ng5 Bg2 12. Rg1 Bd5 13. c3 h6 14.
Nge4 Qe7 15. Nxd6 Qxd6 16. Nc4 Qe6 17. Ne3 Rad8 18. Qa4 Be4 19. Qc4 Qe7 20.
Rd1 Rxd1+ 21. Bxd1 Rd8 22. Be2 a6 23. a4 Bb1 24. Nd5 Qd6 25. Bf3 Bf5 26. Kf1
Be6 27. Kg2 Bxd5 28. Qd3 Bxf3+ 29. Qxf3 Qd5 30. Re1 Qxf3+ 31. Kxf3 Kf8 32.
Re2 Ne7 33. g4 Nd5 34. Rd2 Ke7 35. Re2+ Kd7 36. Rd2 Ke6 37. Re2+ Kf6 38. Rd2
Rd7 39. a5 b5 40. b3 Rd6 41. Rd3 Ne7 42. Re3 g5 43. h3 gxf4 44. Re4 Rd3+ 45.
Kg2 f3+ 46. Kg3 Rxc3 47. b4 Rc4 48. Re3 Nd5 49. Rxf3+ Kg7 50. Rd3 Nxb4 51.
Rd7 Nc2 52. f4 b4 53. Rd8 b3 54. Rb8 Rb4 55. Rd8 b2 56. Rd1 b1=Q 57. Rxb1
Rxb1 58. Kf3 Rb5 59. h4 Rxa5 60. g5 hxg5 61. hxg5 Rd5 62. Ke4 c6 63. f5 a5
64. g6 fxg6 65. fxg6 Kxg6 66. Kf4 a4 67. Ke4 Kf6 68. Kf3 Kf5 69. Ke2 Ke4 70.
Kf2 Rd3 71. Ke2 a3 72. Kf2 Re3 73. Kg2 Rf3 74. Kg1 Ke3 75. Kg2 Ke2 76. Kh2
Kf2 77. Kh1 Rh3# {White checkmated} 0-1

[Event "ICC tourney 2056 (3 2)"]
[Site "Internet Chess Club"]
[Date "2020.10.12"]
[Round "5"]
[White "hackerguru"]
[Black "ekanshmehrotra"]
[Result "1-0"]
[ICCResult "Black resigns"]
[WhiteElo "1511"]
[BlackElo "1500"]
[Opening "English opening"]
[ECO "A05"]
[NIC "QP.11"]
[Time "19:59:01"]
[TimeControl "180+2"]

1. Nf3 Nf6 2. c4 c6 3. Nc3 d5 4. e3 e6 5. b3 Nbd7 6. Bb2 Bd6 7. Qc2 O-O 8.
Rg1 e5 9. cxd5 cxd5 10. Nb5 Bb8 11. Rc1 a6 12. Nc7 Bxc7 13. Qxc7 Qxc7 14.
Rxc7 Ne8 15. Rc1 f6 16. Ba3 Rf7 17. Nh4 g6 18. e4 Nb6 19. exd5 Nxd5 20. Bc4
Be6 21. Nf3 Nec7 22. d4 e4 23. Nd2 f5 24. Nf1 f4 25. Nd2 Bf5 26. Bd6 b5 27.
Be2 Rd7 28. Be5 Re8 29. g4 fxg3 30. Rxg3 Ne6 31. Bg4 Bxg4 32. Rxg4 Nb4 33.
Kf1 Nxd4 34. Rxe4 Nbc6 35. Bxd4 Rxe4 36. Nxe4 Nxd4 37. Nf6+ Kf7 38. Nxd7 Nf3
39. Kg2 Nh4+ 40. Kf1 Nf3 41. Rc7 Ke6 42. Nf8+ Kd6 43. Rxh7 Nd2+ 44. Ke2 Ne4
45. Nxg6 Nc3+ 46. Kd3 Nxa2 47. Kd4 Nc1 48. Kc3 Ne2+ 49. Kb2 Nd4 50. Ra7 Kc5
51. Rxa6 Nc6 52. Rxc6+ Kxc6 53. h4 b4 54. h5 {Black resigns} 1-0

[Event "ICC tourney 2056 (3 2)"]
[Site "Internet Chess Club"]
[Date "2020.10.12"]
[Round "5"]
[White "Tombstone"]
[Black "Vidipkona"]
[Result "1-0"]
[ICCResult "Black checkmated"]
[WhiteElo "1666"]
[BlackElo "1573"]
[Opening "King's Indian, 3.Nf3"]
[ECO "E60"]
[NIC "KI.79"]
[Time "19:58:37"]
[TimeControl "180+2"]

1. d4 Nf6 2. c4 g6 3. Nf3 Bg7 4. g3 O-O 5. Bg2 d6 6. O-O c5 7. d5 Nbd7 8.
Nc3 b6 9. Qc2 Ba6 10. b3 Ng4 11. Bb2 Nge5 12. Nd2 h5 13. h3 h4 14. f4 hxg3
15. fxe5 Bxe5 16. Nce4 f5 17. Bxe5 Nxe5 18. Nxg3 Kg7 19. Nf3 Nxf3+ 20. Rxf3
Bb7 21. Raf1 e6 22. e4 exd5 23. exd5 Qe7 24. Qb2+ Qe5 25. Qxe5+ dxe5 26. h4
Rae8 27. h5 e4 28. R3f2 e3 29. Re2 f4 30. Ne4 gxh5 31. Nd6 Re7 32. Nxb7 Rxb7
33. Rf3 Kh6 34. Bh3 Rg7+ 35. Kh2 Rg6 36. Rexe3 Rgf6 37. Re6 Kg5 38. Rxf6
Rxf6 39. Be6 h4 40. Kh3 Rh6 41. Rf2 Rh8 42. Rg2+ Kf6 43. Rg4 Ke5 44. Rxh4
Rf8 45. Kg2 Ke4 46. Kf2 Rf6 47. Rh1 Kd3 48. Kf3 Kc2 49. Rh2+ Kd3 50. Rh4 Kc2
51. Rxf4 Rh6 52. Rg4 Kb2 53. Rg2+ Ka3 54. Re2 a5 55. d6 Rh8 56. d7 Rd8 57.
Bf5 Rf8 58. Kf4 a4 59. bxa4 Kxa4 60. Re8 Rxe8 61. dxe8=Q+ Ka3 62. Qa8+ Kb4
63. Qa6 Kc3 64. Ke3 Kb2 65. Qxb6+ Kxa2 66. Bc2 Ka1 67. Qb1# {Black
checkmated} 1-0

[Event "ICC tourney 2056 (3 2)"]
[Site "Internet Chess Club"]
[Date "2020.10.12"]
[Round "5"]
[White "danaglin"]
[Black "pmchess98"]
[Result "0-1"]
[ICCResult "White checkmated"]
[WhiteElo "1197"]
[BlackElo "1386"]
[Opening "Two knights defense"]
[ECO "C55"]
[NIC "IG.01"]
[Time "19:58:12"]
[TimeControl "180+2"]

1. e4 e5 2. Nf3 Nc6 3. Bc4 Nf6 4. O-O Bc5 5. c3 O-O 6. d4 exd4 7. cxd4 Bb6
8. Re1 d5 9. exd5 Nxd5 10. Bxd5 Qxd5 11. Nc3 Qh5 12. d5 Nb4 13. a3 Na6 14.
Bf4 Bg4 15. Re5 Bxf3 16. Rxh5 Bxd1 17. Rxd1 g6 18. Re5 f6 19. Re7 Bc5 20.
Rd7 Rad8 21. Rxd8 Rxd8 22. b4 Bd6 23. Bxd6 cxd6 24. Nb5 Rd7 25. Nxa7 Nc7 26.
a4 b6 27. Nc6 Kf7 28. h3 Na6 29. b5 Nc5 30. a5 bxa5 31. Nxa5 Ra7 32. Nc6 Rb7
33. Rb1 Ke8 34. Kf1 Kd7 35. Ke2 Ne4 36. Rb3 Rxb5 37. Rxb5 Nc3+ 38. Kd3 Nxb5
39. Kc4 Na3+ 40. Kb3 Nb5 41. f4 f5 42. g4 h6 43. gxf5 gxf5 44. Kc4 Na3+ 45.
Kb4 Nc2+ 46. Kc3 Ne3 47. Kd4 Ng2 48. Nb4 Nxf4 49. h4 h5 50. Nc2 Ng2 51. Ne3
Nxh4 52. Kd3 Ke7 53. Ke2 Kf6 54. Kf2 Ke5 55. Nc4+ Kxd5 56. Ne3+ Ke4 57. Ke2
f4 58. Nf1 d5 59. Kf2 d4 60. Ke2 d3+ 61. Kd2 Nf3+ 62. Kd1 h4 63. Kc1 h3 64.
Kd1 h2 65. Nxh2 Nxh2 66. Kd2 f3 67. Ke1 Ke3 68. Kd1 f2 69. Kc1 f1=Q+ 70. Kb2
Qe2+ 71. Kc3 Qc2+ 72. Kb4 Kd4 73. Kb5 d2 74. Kb4 d1=Q 75. Kb5 Qdb1+ 76. Ka6
Qca2# {White checkmated} 0-1

[Event "ICC tourney 2056 (3 2)"]
[Site "Internet Chess Club"]
[Date "2020.10.12"]
[Round "5"]
[White "maddieweber789"]
[Black "javasri"]
[Result "0-1"]
[ICCResult "White resigns"]
[WhiteElo "1515"]
[BlackElo "1658"]
[Opening "King's Indian: 4.e4"]
[ECO "E70"]
[NIC "KI.31"]
[Time "19:59:01"]
[TimeControl "180+2"]

1. d4 Nf6 2. c4 g6 3. Nc3 Bg7 4. e4 d6 5. Bd3 O-O 6. Nge2 e5 7. O-O Nc6 8.
Bc2 exd4 9. Nxd4 Re8 10. Nxc6 bxc6 11. Re1 c5 12. Bg5 h6 13. Bxf6 Qxf6 14.
Rb1 c6 15. Qd3 Ba6 16. Ba4 Rac8 17. Ne2 Red8 18. Qc2 d5 19. exd5 cxd5 20.
cxd5 Rxd5 21. Ng3 Rcd8 22. Ne4 Qf5 23. Ng3 Qxc2 24. Bxc2 Rd2 25. Rec1 Bb7
26. Nf1 Re2 27. Ng3 Re7 28. h3 Rd2 29. Nf1 Rd6 30. Ne3 Bd4 31. Nc4 Rde6 32.
Bd3 Be4 33. Bxe4 Rxe4 34. Rf1 Re2 35. g3 Rc2 36. b3 Ree2 37. Rbd1 Bxf2+ 38.
Kh1 Bd4 39. Rxd4 cxd4 40. Rd1 Rh2+ 41. Kg1 Rcg2+ 42. Kf1 Rxa2 43. Kg1 Rag2+
44. Kf1 Rxg3 45. Ne5 Rh1+ 46. Ke2 Rxd1 47. Kxd1 Rxb3 48. Kd2 Rxh3 49. Nc6 d3
50. Nxa7 Kg7 51. Nb5 h5 52. Nd6 h4 53. Ne4 Rg3 54. Nxg3 hxg3 55. Ke3 f5 56.
Kf3 d2 57. Ke2 f4 58. Kxd2 Kf6 59. Ke2 Kf5 60. Kf3 g5 61. Kg2 g4 62. Kf1 f3
63. Kg1 Kf4 64. Kf1 g2+ 65. Kf2 Ke4 66. Kg1 Ke3 67. Kh2 g1=Q+ 68. Kxg1 Ke2
69. Kh2 f2 70. Kg3 f1=Q 71. Kxg4 Ke3 72. Kg5 Ke4 {White resigns} 0-1